 Dungeon Crawl Stone Soup version 0.31.0-9-g3a7656b989 (webtiles) character file.

Game seed: 9295150461427487015

25 qw the Shooter (level 2, 0/16 HPs)
             Began as a Deep Elf Hunter on Feb 2, 2024.
             Succumbed to their own poison gas
             ... on level 1 of the Dungeon.
             The game lasted 00:00:02 (923 turns).

qw the Shooter (Deep Elf Hunter)                     Turns: 923, Time: 00:00:02

Health: 0/16       AC:  6    Str:  8    XL:     2   Next: 82%
Magic:  4/4        EV: 10    Int: 13    God:
Gold:   85         SH:  0    Dex: 18    Spells: 1/1 levels left

rFire   . . .        a - +1 shortbow
rCold   . . .        (shield currently unavailable)
rNeg    . . .        e - +0 ring mail
rPois   .            (no helmet)
rElec   .            d - +0 cloak
rCorr   .            (no gloves)
SInv    .            (no boots)
Will    .....        (no amulet)
Stlth   +            (no ring)
HPRegen 0.22/turn    (no ring)
MPRegen 0.09/turn

%: no passive effects
@: lethally poisoned (0 -> -11)
A: no striking features
a: no special abilities


You were on level 1 of the Dungeon.
You visited 1 branch of the dungeon, and saw 1 of its levels.

You collected 85 gold pieces.


   Skills:
 - Level 1.5 Fighting
 + Level 6.5 Ranged Weapons
 - Level 2.4 Dodging
 - Level 1.2 Stealth


You had one spell level left.
You didn't know any spells.
Your spell library was empty.

Inventory:

Hand Weapons
 a - a +1 shortbow (weapon)
Armour
 d - a +0 cloak (worn)
 e - a +0 ring mail (worn)

Dungeon Overview and Level Annotations

Branches:
Dungeon (1/15)

Altars:


Message History

You finish putting on your +0 ring mail.
916 ||| DROPPING +0 leather armour.
You drop a +0 leather armour.
Done exploring.
917 ||| READING scroll labelled HISMORO DIDO.
The air fills with toxic fumes!
As you read the scroll labelled HISMORO DIDO, it crumbles to dust.
It was a scroll of poison.
Done exploring.
918 ||| READING scroll labelled AQOWUN MUEBUJE.
As you read the scroll labelled AQOWUN MUEBUJE, it crumbles to dust.
It is a scroll of enchant weapon.
918 ||| ENCHANTING +0 shortbow.
Your +0 shortbow glows red for a moment.
Done exploring.
919 ||| DROPPING scroll of butterflies.
You drop a scroll of butterflies.
Done exploring.
What level of the Dungeon? (default 1, ? - help) Sorry, I don't know how to get there.
Enter note:
Enter note:
Enter note:
Enter note:
Enter note:
Enter note:
Enter note:
Enter note:
Enter note:
Enter note:
Enter note:
Enter note: You are engulfed in poison gas.
You are lethally poisoned!
You feel very sick.
921 ||| Stepping ~*~*~tactically~*~*~ (cloud).
You feel very sick.
Things that are here:
a scroll of butterflies; a +0 leather armour
There is a lethal amount of poison in your body!
You feel very sick.
There is a lethal amount of poison in your body!
You die...

#.##..........#.#.##.# ##.....
#......#.######¤#....## #......
######......# #¤###...# #......
#......# #¤# ##..# #......
#......# #¤# #..# #......
#......# #¤# #..## #......
#......# #0# #...# #......
######)..¤¤¤###¤####¤#.###......
#.....##.¤¤¤¤0¤@¤¤¤¤¤#.....#####
#........¤¤¤¤¤¤¤##########..##
#.....########### ##..# #####.#
##.## #.# #..## #.# ##...
#.##########################
#...........................
#########......................


There were no monsters in sight!

Vanquished Creatures
  2 dart slugs (D:1)
  2 ball pythons (D:1)
  A bat (D:1)
  3 endoplasms (D:1)
  A giant cockroach (D:1)
  A goblin (D:1)
  A hobgoblin (D:1)
  A quokka (D:1)
  A frilled lizard (D:1)
  4 kobolds (D:1)
  3 rats (D:1)
20 creatures vanquished.

Notes
Turn   | Place    | Note
-------+----------+-------------------------------------------
     0 | D:1      | qw the Deep Elf Hunter began the quest for the Orb.
     0 | D:1      | Reached XP level 1. HP: 12/12 MP: 3/3
     0 | D:1      | 0 ||| qw: Version: 0.3-a-155-g5e7d8dd
     0 | D:1      | 0 ||| qw: Game counter: 2523
     0 | D:1      | 0 ||| qw: Melee chars always use a shield: true
     0 | D:1      | 0 ||| qw: God list: Okawaru
     0 | D:1      | 0 ||| qw: Allow faded altars: false
     0 | D:1      | 0 ||| qw: Do Orc after clearing Dungeon:15 true
     0 | D:1      | 0 ||| qw: Do second Lair branch before Depths: true
     0 | D:1      | 0 ||| qw: Lair rune preference: random
     0 | D:1      | 0 ||| qw: Goals: Normal
     0 | D:1      | 0 ||| PLANNING D:1-11
   315 | D:1      | Reached XP level 2. HP: 16/16 MP: 4/4
   363 | D:1      | Reached skill level 6 in Ranged Weapons
   666 | D:1      | Found a faded altar of an unknown god.
   901 | D:1      | 901 ||| UPGRADING to +0 cloak.
   906 | D:1      | 906 ||| UPGRADING to +0 ring mail.
   916 | D:1      | 916 ||| DROPPING +0 leather armour.
   917 | D:1      | 917 ||| READING scroll labelled HISMORO DIDO.
   918 | D:1      | 918 ||| READING scroll labelled AQOWUN MUEBUJE.
   918 | D:1      | 918 ||| ENCHANTING +0 shortbow.
   919 | D:1      | 919 ||| DROPPING scroll of butterflies.
   921 | D:1      | 921 ||| Stepping ~*~*~tactically~*~*~ (cloud).
   922 | D:1      | HP: 2/16 [poisoned by you (poison gas)]
   923 | D:1      | Succumbed to their own poison gas

Levels and vault maps discovered:
D:1:      dpeg_arrival_stone_temple_mockup, layout_basic,
          hellmonk_ecumenical_altar_lost_god

Skill      XL: |  1  2 |
---------------+-------+-----
Ranged Weapons | 6 |  6.5
Fighting       | |  1.5
Dodging        | |  2.4
Stealth        | |  1.2

Action                     || total
---------------------------++-------
   Fire: Shortbow          ||    44
    Use: Scroll            ||     2
 Armour: Leather armour    ||     8
  Dodge: Dodged            ||     3

Table legend:
 A = Non-vault XP
 B = Vault XP
 C = Vault XP percentage of total XP
 D = Non-vault monster count
 E = Vault monster count
 F = Vault count percentage of total count
                 A         B        C        D         E       F
            +---------+---------+-------+---------+---------+-------
      Total |      36 |       0 |   0.0 |      20 |       0 |   0.0
            +---------+---------+-------+---------+---------+-------
        D:1 |      36 |       0 |   0.0 |      20 |       0 |   0.0
            +---------+---------+-------+---------+---------+-------
